 Dungeon Crawl Stone Soup version 0.20.1-1-g8b1a95d (webtiles) character file.

28 Rozenbaumfricks the Skirmisher (level 3, 29/29 HPs)
             Began as a Demonspawn Fighter on Oct 7, 2017.
             Quit the game on level 1 of the Dungeon.
             The game lasted 00:01:44 (663 turns).

Rozenbaumfricks the Skirmisher (Demonspawn Fighter)  Turns: 663, Time: 00:01:45

Health: 29/29      AC:  9    Str: 17    XL:     3   Next: 0%
Magic:  3/3        EV:  7    Int:  9    God:
Gold:   53         SH:  9    Dex: 12    Spells: 2/2 levels left

rFire    . . .     SeeInvis .   a - +0 long sword
rCold    . . .     Gourm    .   c - +0 shield
rNeg     . . .     Faith    .   b - +0 scale mail
rPois    .         Spirit   .   (no helmet)
rElec    .         Reflect  .   (no cloak)
rCorr    .         Harm     .   (no gloves)
MR       .....                  (no boots)
Stlth    ..........             (no amulet)
Regen    0.1/turn               n - -3 ring of slaying (curse)
MPRegen  0.1/turn               (no ring)

@: no status effects
A: slimy green scales 2
a: no special abilities


You were on level 1 of the Dungeon.
You were not hungry.

You visited 1 branch of the dungeon, and saw 1 of its levels.

You collected 53 gold pieces.

Inventory:

Hand Weapons
 a - a +0 long sword (weapon)
Armour
 b - a +0 scale mail (worn)
 c - a +0 shield (worn)
Jewellery
 n - a cursed -3 ring of slaying (left hand)
Scrolls
 e - a scroll of fear {unknown}
 i - a scroll of blinking {unknown}
 j - a scroll of random uselessness {unknown}
 m - a scroll of identify {unknown}
Potions
 d - a potion of might
 k - a potion of invisibility {unknown}
 l - 2 potions of heal wounds {unknown}
Comestibles
 f - a bread ration
 g - 2 meat rations
 h - a fruit


   Skills:
 + Level 3.3 Fighting
 + Level 1.8 Long Blades
 + Level 3.0 Armour
 + Level 0.3 Dodging
 + Level 3.1 Shields


You had 2 spell levels left.
You didn't know any spells.

Dungeon Overview and Level Annotations

Branches:
Dungeon (1/15)

Altars:


Innate Abilities, Weirdness & Mutations

You are mostly covered in slimy green scales. (AC +3)


Message History

You block the giant cockroach's attack. x2
A bat comes into view.
You hit the giant cockroach.
You kill the giant cockroach!
The bat moves out of view.
You block the bat's attack.
You see here a giant cockroach corpse.
The bat hits you but does no damage. You block the bat's attack. x2
You barely miss the bat. The bat closely misses you.
You riposte.
You closely miss the bat. The bat hits you but does no damage.
You block the bat's attack. The bat hits you but does no damage.
You hit the bat.
You kill the bat!
You have reached level 3!
Your experience leads to an increase in your attributes!
Increase (S)trength, (I)ntelligence, or (D)exterity?
You feel stronger.
Your demonic ancestry asserts itself...
Slimy green scales spread over more of your body.
Are you sure you want to abandon this character and quit the game? (Confirm with "yes".)

#.#............#.#########.#
#.#######..#####...........# #.#
#.......# #..######...#
######.####.......###..# #...#
#..................##..#######.##
#.#########........##......###.##
#.#########..>.†........##.......
#........##......>.###..##..##.##
.........##.....@.......##..##...
#....))..##.#.###..####.##..##.##
#........##>#......####.##..##.#
#........##..............#..##.#
#..................####..#..##.#
.........#.....................#
...........####.#######.###.####
..###.##..## #.# #.# #.# ..#
#.##..# #.# #.###.#


There were no monsters in sight!

Vanquished Creatures
  An ooze (D:1)
  2 dart slugs (D:1)
  A giant cockroach (D:1)
  5 goblins (D:1)
  4 hobgoblins (D:1)
  3 bats (D:1)
  A frilled lizard (D:1)
  2 rats (D:1)
19 creatures vanquished.

Vanquished Creatures (others)
  A kobold (D:1)
1 creature vanquished.

Grand Total: 20 creatures vanquished

Notes
Turn   | Place    | Note
-------+----------+-------------------------------------------
     0 | D:1      | Rozenbaumfricks the Demonspawn Fighter began the quest for the Orb.
     0 | D:1      | Reached XP level 1. HP: 18/18 MP: 1/1
   108 | D:1      | Gained mutation: You are partially covered in slimy green scales. (AC +2) [demonic ancestry]
   108 | D:1      | Reached XP level 2. HP: 9/24 MP: 2/2
   662 | D:1      | Gained mutation: You are mostly covered in slimy green scales. (AC +3) [demonic ancestry]
   662 | D:1      | Reached XP level 3. HP: 29/29 MP: 3/3
   663 | D:1      | Quit the game

Skill      XL: |  1  2 |
---------------+-------+-----
Shields        | 3 |  3.1
Armour         | 3 |  3.0
Fighting       | |  3.3
Long Blades    | |  1.8
Dodging        | |  0.3

Action                   || total
-------------------------++-------
Melee: Long sword        ||    72
Armor: Scale mail        ||    57
Dodge: Dodged            ||    16
Block: Shield            ||    45
       Rpst.: Long sword ||     5
